 Dungeon Crawl Stone Soup version 0.27-a0-1105-g946c659 (webtiles) character file.

Game seed: 17023210143824219273

793 Meow the Tainter (level 7, 60/60 HPs)
             Began as a Naga Venom Mage on Apr 29, 2021.
             Quit the game on level 5 of the Dungeon.
             The game lasted 00:22:18 (4368 turns).

Meow the Tainter (Naga Venom Mage)                  Turns: 4368, Time: 00:22:19

Health: 60/60      AC:  3    Str: 10    XL:     7   Next: 88%
Magic:  16/16      EV: 10    Int: 17    God:
Gold:   203        SH:  0    Dex: 12    Spells: 9/18 levels left

rFire    + . .     SeeInvis +   b - +1 hand axe (elec)
rCold    . . .     Faith    .   (no shield)
rNeg     . . .     Spirit   .   r - +0 robe
rPois    +         Reflect  .   (no helmet)
rElec    .         Harm     .   (no cloak)
rCorr    .         Rampage  .   (no gloves)
Will     .....                  (no barding)
Stlth    ++........             (no amulet)
HPRegen  0.20/turn              g - ring of protection from fire
MPRegen  0.15/turn              (no ring)

@: very slow
A: AC +2, large, see invisible, deformed body, poison resistance, slowness 2,
spit poison 1, naga tail 1
a: Spit Poison


You were on level 5 of the Dungeon.
You visited 1 branch of the dungeon, and saw 5 of its levels.

You collected 203 gold pieces.

Inventory:

Hand Weapons
 a - a +0 hunting sling
 b - a +1 hand axe of electrocution (weapon)
 h - a +0 short sword
 j - a +0 shortbow
 o - a +0 hand axe
 s - a +0 shortbow
 u - a +0 flail of protection
 v - a +1 hand axe of electrocution
 x - a +0 long sword
 y - a +0 war axe
Missiles
 c - 161 stones (quivered)
 e - 23 poisoned darts
 i - 39 arrows
 m - 2 throwing nets
 n - 49 sling bullets
 p - 5 boomerangs
 t - 3 javelins
 w - 16 bolts
Armour
 k - a +0 buckler
 r - a +0 robe (worn)
Jewellery
 d - a ring of flight
 g - a ring of protection from fire (left hand)
Scrolls
 l - a scroll of blinking
 q - 3 scrolls of enchant weapon
 D - a scroll of amnesia {unknown}
Potions
 f - a potion of mutation
 z - 2 potions of might
 A - a potion of heal wounds {unknown}
 B - a potion of berserk rage {unknown}
 C - a potion of resistance {unknown}


   Skills:
 + Level 2.2 Fighting
 - Level 1.5 Dodging
 - Level 3.0 Stealth
 - Level 6.0 Spellcasting
 - Level 1.0 Transmutations
 - Level 8.0 Poison Magic


You had 9 spell levels left.
You knew the following spells:

 Your Spells              Type           Power      Damage    Failure   Level
a - Sting                 Tmut/Pois      80%        1d7       1%          1
b - Poisonous Vapours     Pois/Air       36%        N/A       3%          2
c - Mephitic Cloud        Conj/Pois/Air  14%        N/A       13%         3
F - Ignite Poison         Fire/Tmut/Pois 15%        N/A       11%         3

Your spell library contained the following spells:

 Spells                   Type           Power      Damage    Failure   Level
 Olgreb's Toxic Radiance  Pois           32%        N/A       4%          4


Dungeon Overview and Level Annotations

Branches:
Dungeon (5/15)             Temple (0/1) D:5

Altars:

Annotations:
D:4 1 runed translucent door, RazingBull's ghost, amateur HOFi


Innate Abilities, Weirdness & Mutations

Your serpentine skin is tough. (AC +2)
You have supernaturally acute eyesight. (SInv)
Armour fits poorly on your strangely shaped body.
Your system is resistant to poisons. (rPois)
You cover ground very slowly.
You can spit poison.
You have a snake-like lower body.


Message History

The sting hits the river rat.
The river rat looks as sick as possible!
You kill the river rat!
Unknown command.
Unknown command.
There is an open door, spattered with blood here.
You enter the shallow water.
Moving in this stuff is going to be slow.
As you open the door, it creaks loudly!
There is an open door here.
You enter the shallow water.
Moving in this stuff is going to be slow.
Things that are here:
a river rat corpse; a worm corpse You see here a ball python corpse.
c - 148 stones (gained 18)
B - a blue potion
C - a brown potion You see here a +0 hand axe.
c - 149 stones (gained 1)
z - 2 potions of might (gained 1)
There is a stone staircase leading up here.
There is an open door here.
Things that are here:
a +0 dagger; a +0 robe You now have 195 gold pieces (gained 4).
You now have 203 gold pieces (gained 8).
D - a scroll labelled LEWU COADE
There is an open door here.
c - 150 stones (gained 1)
c - 161 stones (gained 11)
Items here: )))) [.
There is an open door here.
There is an open door here.
There is an open door here.
There is a staircase to the Ecumenical Temple here.
There is an open door here.
Done exploring.
Done exploring.
Are you sure you want to abandon this character and quit the game? (Confirm with "yes".)

#.....## ##.....###.#.##........#
##.....###.....##.#.#.###..##..##
.##.....8.....###.#...........##
..#8.........8#.#.#.#.#########
.####.......###.#.#.#.# .#
##.....## #.#.#.#.######
.######...## #.#.#........#
.....#8...8# #.#.####.###.#
.######...## #.@........#.#
.#...##..)# ####'####..#.#
.....##...## #.......#..#.#
#....#8...8####.......#..#.#
#..####...##..#...>...####.######
##.##.#.......#.......# #.......
#.##.##.#....#.......# #.....##
#..#^##.#....####'#### #.###.#
##.#.##........#..# #.# #.#


There were no monsters in sight!

Vanquished Creatures
  A phantom (D:5)
  A scorpion (D:5)
  A water moccasin zombie (D:5)
  2 water moccasin skeletons
  A centaur zombie (D:5)
  A bullfrog zombie (D:5)
  An orc priest (D:5)
  3 hounds
  A jelly (D:5)
  2 orc wizards (D:5)
  A hound zombie (D:5)
  4 gnolls (D:4)
  2 river rats (D:5)
  4 adders
  2 white imps (D:5)
  2 ufetubi
  5 worms
  A dart slug (D:3)
  12 orcs
  8 ball pythons
  6 endoplasms
  3 giant cockroaches
  11 goblins
  7 hobgoblins
  8 kobolds
  4 quokkas
  5 bats
  6 frilled lizards
  5 rats
110 creatures vanquished.

Vanquished Creatures (others)
  9 plants (D:1)
9 creatures vanquished.

Grand Total: 119 creatures vanquished

Notes
Turn   | Place    | Note
-------+----------+-------------------------------------------
     0 | D:1      | Meow the Naga Venom Mage began the quest for the Orb.
     0 | D:1      | Reached XP level 1. HP: 15/15 MP: 3/3
   229 | D:1      | Reached XP level 2. HP: 22/22 MP: 3/5
   473 | D:1      | Reached XP level 3. HP: 28/28 MP: 4/6
   477 | D:1      | Learned a level 3 spell: Mephitic Cloud
   481 | D:1      | Learned a level 3 spell: Ignite Poison
  1023 | D:2      | Found a faded altar of an unknown god.
  1074 | D:2      | Reached skill level 5 in Poison Magic
  2023 | D:3      | Reached XP level 4. HP: 31/36 MP: 8/8
  2708 | D:4      | Reached skill level 6 in Poison Magic
  2708 | D:4      | Reached XP level 5. HP: 41/42 MP: 10/10
  2742 | D:4      | Noticed RazingBull's ghost (amateur HOFi)
  2745 | D:4      | Found a runed translucent door.
  2959 | D:4      | Reached XP level 6. HP: 49/49 MP: 12/12
  2962 | D:4      | Learned a level 2 spell: Poisonous Vapours
  3286 | D:5      | Entered Level 5 of the Dungeon
  3375 | D:5      | Reached skill level 7 in Poison Magic
  3413 | D:5      | Found a staircase to the Ecumenical Temple.
  3523 | D:5      | Reached XP level 7. HP: 20/55 MP: 4/14
  3563 | D:5      | Reached skill level 5 in Spellcasting
  3582 | D:5      | Reached skill level 8 in Poison Magic
  4070 | D:5      | Reached skill level 1 in Fighting
  4112 | D:5      | HP: 1/60 [river rat (5)]
  4368 | D:5      | Quit the game

Illustrated notes

Levels and vault maps discovered:
D:1:      psy_arrival_wood_between_worlds, layout_basic, corner_web_ring,
          kennysheep_boxes
D:2:      layout_basic, hellmonk_ecumenical_altar_lost_god
D:3:      layout_rooms
D:4:      layout_basic, hellmonk_ghost_happy_afterlife
D:5:      layout_basic, temple_green, portal_sewer_entry_e,
          chequers_hall_statues_y, st_stairs_5, hex_medium,
          kennysheep_generic_room_2

Skill      XL: |  1  2  3  4  5  6  7 |
---------------+----------------------+-----
Poison Magic   | 5 6 7 8 |  8.0
Spellcasting   | 3 4 6 |  6.0
Fighting       | 2 |  2.2
Dodging        | |  1.5
Stealth        | |  3.0
Transmutations | |  1.0

Action                   |  1- 3 |  4- 6 |  7- 9 || total
-------------------------+-------+-------+-------++-------
Melee: Short sword       |     6 |       |       ||     6
       Long sword        |     3 |    15 |       ||    18
       Flail             |       |    37 |       ||    37
       Hand axe          |       |    11 |    37 ||    48
 Fire: Hunting sling     |       |    22 |       ||    22
Throw: Stone             |    27 |     3 |     2 ||    32
       Dart              |     1 |       |       ||     1
 Cast: Sting             |    28 |    36 |    11 ||    75
       Mephitic Cloud    |       |     2 |     6 ||     8
       Ignite Poison     |       |     1 |     4 ||     5
 Abil: Spit Poison       |    47 |    36 |    10 ||    93
  Use: Scroll            |     1 |     5 |       ||     6
Armor: Robe              |    10 |    14 |     3 ||    27
Dodge: Dodged            |    15 |    51 |    22 ||    88
       Rpst.: Long sword |       |     4 |       ||     4

Table legend: (Time is in decaauts)
 A = Elapsed time spent in this place.
 B = Non-inter-level travel time spent in this place.
 C = Inter-level travel time spent in this place.
 D = Time resting spent in this place.
 E = Time spent auto-exploring this place.
 F = Levels seen in this place.
 G = Mean time per level.
                   A        B        C        D        E       F      G
               +--------+--------+--------+--------+--------+-----+--------+
         Total |   5812 |   5594 |    218 |    319 |   3608 |   5 | 1162.4 |
       Dungeon |   5812 |   5594 |    218 |    319 |   3608 |   5 | 1162.4 |
               +--------+--------+--------+--------+--------+-----+--------+

Top non-repeatable levels by time:
     D:5: 1410 daAuts
     D:1: 1361 daAuts
     D:2: 1245 daAuts
     D:3: 954 daAuts
     D:4: 841 daAuts
